 Dungeon Crawl Stone Soup version 0.29-a0-275-g389c0b56f3 (webtiles) character file.

Game seed: 6694200687852716915

725 dolemite99 the Digger (level 7, 0/46 HPs)
             Began as a Mummy Earth Elementalist on Mar 10, 2022.
             Was a Believer of Makhleb.
             Slain by Duvessa
             ... wielding a +0 short sword
              (21 damage)
             ... on level 4 of the Dungeon.
             The game lasted 00:06:42 (4610 turns).

dolemite99 the Digger (Mummy Earth Elementalist)    Turns: 4610, Time: 00:06:43

Health: 0/46       AC:  3    Str: 11    XL:     7   Next: 43%
Magic:  8/14       EV: 15    Int: 17    God:    Makhleb [**....]
Gold:   227        SH: 11    Dex: 12    Spells: 6/16 levels left

rFire   x . .      SeeInvis +   d - +2 dagger (venom)
rCold   + . .      Faith    .   q - +3 buckler of the Watchman {rPois Will+}
rNeg    + + +      Spirit   .   b - +0 robe
rPois   ∞          Reflect  +   (no helmet)
rElec   .          Harm     .   (no cloak)
rCorr   .          Rampage  .   (no gloves)
Will    +....                   z - +0 pair of boots
Stlth   ++........              p - amulet of reflection
HPRegen 0.15/turn               g - ring of see invisible
MPRegen 0.14/turn               m - +4 ring of evasion {=R}

@: studying Hexes
A: cold resistance 1, negative energy resistance 3, torment resistance 2, heat
vulnerability 1, in touch with death 1, no potions
a: Renounce Religion, Minor Destruction


You were on level 4 of the Dungeon.
You worshipped Makhleb.
Makhleb was pleased with you.
You visited 1 branch of the dungeon, and saw 4 of its levels.

You collected 227 gold pieces.

Inventory:

Hand Weapons
 d - a +2 dagger of venom (weapon)
 t - a +1 vorpal hand axe
 v - a +1 dagger of draining
 x - a +0 flail
Missiles
 a - 89 stones
 j - 4 poisoned darts
 y - 3 atropa-tipped darts
Armour
 b - a +0 robe (worn)
 f - a +0 pair of boots
 k - a +0 chain mail
 q - the +3 buckler of the Watchman (worn) {rPois Will+}
   (You found it on level 3 of the Dungeon)

   rPois:     It protects you from poison.
   Will:      It increases your willpower.
 z - a +0 pair of boots (worn)
Jewellery
 g - a ring of see invisible (left hand)
 m - a +4 ring of evasion (right hand) {=R}
 n - an amulet of faith
 p - an amulet of reflection (around neck)
Scrolls
 e - a scroll of immolation {unknown}
 i - 3 scrolls of torment
 l - 3 scrolls of teleportation
 u - a scroll of brand weapon
 w - a scroll of silence


   Skills:
 - Level 1.5 Dodging
 - Level 1.5 Stealth
 + Level 5.0 Spellcasting
 - Level 0.7 Transmutations
 - Level 6.7 Earth Magic


You had 6 spell levels left.
You knew the following spells:

 Your Spells              Type           Power      Damage    Failure   Level
a - Sandblast             Erth           54%        2d13      1%          1
b - Passwall              Tmut/Erth      13%        N/A       6%          2
c - Stone Arrow           Conj/Erth      30%        3d8       14%         3
d - Petrify               Tmut/Erth      16%        N/A       38%         4

Your spell library contained the following spells:

 Spells                   Type           Power      Damage    Failure   Level


Dungeon Overview and Level Annotations

Branches:
Dungeon (4/15)             Temple (0/1) D:4

Altars:
Kikubaaqudgha
Makhleb
Uskayaw
Xom

Shops:
D:1 *

Annotations:
D:4 Duvessa


Innate Abilities, Weirdness & Mutations

You are immune to poison.
Your flesh is cold resistant. (rC+)
You are immune to negative energy. (rN+++)
You are immune to unholy pain and torment.
You are vulnerable to heat. (rF-)
You are in touch with the powers of death.
You do not drink.


Message History

Press: ? - help, Shift-Dir - straight line, f - Dowan
Aim: Dowan, wielding a +0 dagger and wearing a +0 robe (73% to hit)
The blast of sand hits Dowan!
Dowan is severely wounded.
Casting: Sandblast (safe; 1% risk of failure)
Confirm with . or Enter, or press ? or * to list all spells.
Aiming: Sandblast (safe; 1% risk of failure)
Press: ? - help, Shift-Dir - straight line, f/p - Dowan
Aim: Dowan, wielding a +0 dagger and wearing a +0 robe (severely wounded, 73% to hit)
The blast of sand hits Dowan!
You kill Dowan!
Makhleb accepts your kill.
Duvessa weeps, and shakes her weapon.
Duvessa goes berserk!
Your Spellcasting skill increases to level 5!
Casting: Sandblast (safe; 1% risk of failure)
Confirm with . or Enter, or press ? or * to list all spells.
Aiming: Sandblast (safe; 1% risk of failure)
Press: ? - help, Shift-Dir - straight line, f - Duvessa
Aim: Duvessa, wielding a +0 short sword and wearing a +0 leather armour (berserk, 83% to hit)
The blast of sand hits Duvessa.
Duvessa is lightly wounded.
Duvessa hits you with a +0 short sword!
Casting: Sandblast (safe; 1% risk of failure)
Confirm with . or Enter, or press ? or * to list all spells.
Aiming: Sandblast (safe; 1% risk of failure)
Press: ? - help, Shift-Dir - straight line, f/p - Duvessa
Aim: Duvessa, wielding a +0 short sword and wearing a +0 leather armour (lightly wounded, berserk, 83% to hit)
The blast of sand hits Duvessa.
Duvessa is lightly wounded.
Duvessa hits you with a +0 short sword!
Casting: Sandblast (safe; 1% risk of failure)
Confirm with . or Enter, or press ? or * to list all spells.
Aiming: Sandblast (safe; 1% risk of failure)
Press: ? - help, Shift-Dir - straight line, f/p - Duvessa
Aim: Duvessa, wielding a +0 short sword and wearing a +0 leather armour (lightly wounded, berserk, 83% to hit)
The blast of sand hits Duvessa but does no damage.
Duvessa is lightly wounded.
Duvessa hits you with a +0 short sword!!
You die...

#...####..# #.#
###.........#
###.###
#>...#####.##
###'### #....#
#..####⌠.⌠##
#....#
##....#.>.'.
##...#
..####⌠.⌠##
#######..!#
#######
#.....#.#.#
###.###
#.....#)#@# #.#
#.......#.e......
#.#
#.....#######.###
#.# #.....# ..#
###.### #.# # #.#
.. #.# .# #.# ..


You could see Duvessa (berserk).

Vanquished Creatures
  Grinder (D:3)
  Sigmund (D:3)
  A bullfrog (D:4)
  A scorpion (D:4)
  A necrophage (D:4)
  Dowan (D:4)
  A hound (D:4)
  An orc wizard (D:3)
  3 adders
  A worm (D:2)
  A dart slug (D:2)
  6 orcs
  3 ball pythons
  6 endoplasms
  3 giant cockroaches
  3 goblins
  3 hobgoblins
  5 quokkas
  4 bats
  7 kobolds
  4 rats
57 creatures vanquished.

Vanquished Creatures (others)
  6 plants (D:1)
6 creatures vanquished.

Grand Total: 63 creatures vanquished

Notes
Turn   | Place    | Note
-------+----------+-------------------------------------------
     0 | D:1      | dolemite99 the Mummy Earth Elementalist began the quest for
                  | the Orb.
     0 | D:1      | Reached XP level 1. HP: 13/13 MP: 4/4
   351 | D:1      | Found Atiola's Assorted Antiques.
   476 | D:1      | Reached skill level 3 in Earth Magic
   476 | D:1      | Reached XP level 2. HP: 19/19 MP: 3/5
  1647 | D:2      | Found a faded altar of an unknown god.
  1666 | D:2      | Prayed at the altar of an unknown god.
  1666 | D:2      | Became a worshipper of Makhleb the Destroyer
  1666 | D:2      | Reached * piety under Makhleb
  1700 | D:2      | Gained mutation: You are in touch with the powers of death.
                  | [Mummy growth]
  1700 | D:2      | Reached XP level 3. HP: 24/24 MP: 5/7
  2213 | D:3      | Found a hide-covered altar of Uskayaw.
  2246 | D:3      | Identified the +3 buckler of the Watchman {rPois Will+}
  2455 | D:3      | Noticed Sigmund
  2467 | D:3      | Killed Sigmund
  2468 | D:3      | Reached skill level 5 in Earth Magic
  2468 | D:3      | Reached XP level 4. HP: 15/30 MP: 1/8
  2468 | D:3      | Reached XP level 5. HP: 18/35 MP: 1/9
  2836 | D:3      | Found an ancient bone altar of Kikubaaqudgha.
  2858 | D:3      | Noticed Grinder
  2936 | D:3      | Killed Grinder
  2937 | D:3      | Reached skill level 6 in Earth Magic
  2937 | D:3      | Reached XP level 6. HP: 27/41 MP: 2/10
  3896 | D:3      | Learned a level 2 spell: Passwall
  3900 | D:3      | Learned a level 3 spell: Stone Arrow
  3905 | D:3      | Learned a level 4 spell: Petrify
  3942 | D:4      | Reached ** piety under Makhleb
  3963 | D:4      | Found a staircase to the Ecumenical Temple.
  4105 | D:3      | Learned a level 1 spell: Sandblast
  4124 | D:4      | Found a shimmering altar of Xom.
  4124 | D:4      | Found a shimmering altar of Xom.
  4124 | D:4      | Found a shimmering altar of Xom.
  4143 | D:4      | Reached XP level 7. HP: 42/46 MP: 7/11
  4605 | D:4      | Noticed Duvessa
  4605 | D:4      | Noticed Dowan
  4607 | D:4      | Killed Dowan
  4608 | D:4      | Reached skill level 5 in Spellcasting
  4610 | D:4      | Slain by Duvessa

Illustrated notes

Levels and vault maps discovered:
D:1:      wander_arrival_lonely_grave, layout_loops_cross, serial_shops,
          nicolae_shop_hallway_stairs, serial_forest,
          infiniplex_forest_straight_2, infiniplex_forest_clump_C,
          infiniplex_forest_clump_double, infiniplex_forest_straight_2,
          infiniplex_forest_clump_medium, infiniplex_forest_clump_tiny,
          infiniplex_forest_clump_double, infiniplex_forest_clump_large
D:2:      layout_loops_ring, ebering_ecumenical_altar_mist
D:3:      layout_basic, lemuel_round_altar, mainiacjoe_overflow_brackets,
          serial_curves, eino_curves_02, eino_curves_02,
          kennysheep_generic_room_11, uniq_sigmund, uniq_grinder
D:4:      layout_loops_ring, xom_redecorated, nemelex_spade_bored_becter,
          temple_doors_e, minmay_manual_moon, uniq_duvessa

Skill      XL: |  1  2  3  4  5  6  7 |
---------------+----------------------+-----
Earth Magic    | 3 5 6 |  6.7
Spellcasting   | 5 |  5.0
Dodging        | |  1.5
Stealth        | |  1.5
Transmutations | |  0.7

Action                   |  1- 3 |  4- 6 |  7- 9 || total
-------------------------+-------+-------+-------++-------
Melee: Dagger            |    29 |       |     8 ||    37
 Cast: Sandblast         |    57 |    22 |    20 ||    99
  Use: Scroll            |       |     8 |     1 ||     9
Armor: Robe              |     9 |       |     2 ||    11
       Chain mail        |    13 |       |       ||    13
Dodge: Dodged            |    35 |       |    13 ||    48
Block: Buckler           |     2 |     4 |     8 ||    14
       Reflection        |     1 |       |       ||     1

Table legend: (Time is in decaauts)
 A = Elapsed time spent in this place.
 B = Non-inter-level travel time spent in this place.
 C = Inter-level travel time spent in this place.
 D = Time resting spent in this place.
 E = Time spent auto-exploring this place.
 F = Levels seen in this place.
 G = Mean time per level.
                   A        B        C        D        E       F      G
               +--------+--------+--------+--------+--------+-----+--------+
         Total |   4612 |   4523 |     89 |   1546 |   2269 |   4 | 1153.0 |
       Dungeon |   4612 |   4523 |     89 |   1546 |   2269 |   4 | 1153.0 |
               +--------+--------+--------+--------+--------+-----+--------+

Top non-repeatable levels by time:
     D:3: 1792 daAuts
     D:2: 1262 daAuts
     D:1: 948 daAuts
     D:4: 609 daAuts
